 Dungeon Crawl Stone Soup version 0.20-a0-537-g052e6ba (webtiles) character file.

58 polly the Shield-Bearer (level 4, 0/29 HPs)
             Began as a Gargoyle Fighter on Jan 28, 2017.
             Killed from afar by a white imp (14 damage)
             ... with a puff of frost
             ... summoned by Natasha
             ... on level 2 of the Dungeon.
             The game lasted 00:01:03 (1005 turns).

polly the Shield-Bearer (Gargoyle Fighter)          Turns: 1005, Time: 00:01:05

Health: 0/29       AC: 11    Str: 21    XL:     4   Next: 1%
Magic:  4/4        EV:  7    Int:  8    God:
Gold:   92         SH:  9    Dex:  9    Spells: 3/3 levels left

rFire    . . .     SeeInvis .   a - +0 flail
rCold    . . .     Gourm    .   b - +0 scale mail
rNeg     + . .     Faith    .   c - +0 shield
rPois    ∞         Spirit   .   g - +0 helmet
rElec    +         Reflect  .   (no cloak)
rCorr    .         Harm     .   (no gloves)
MR       .....                  (no boots)
Stlth    ..........             (no amulet)
Regen    0.1/turn               (no ring)
                                (no ring)

@: slowed, very slow
A: negative energy resistance 1, electricity resistance, unbreathing,
petrification resistance, rot immunity, AC +3
a: no special abilities


You were on level 2 of the Dungeon.
You were not hungry.

You visited 1 branch of the dungeon, and saw 2 of its levels.

You collected 92 gold pieces.

Inventory:

Hand Weapons
 a - a +0 flail (weapon)
Armour
 b - a +0 scale mail (worn)
 c - a +0 shield (worn)
 g - a +0 helmet (worn)
Jewellery
 l - an uncursed ring of resist corrosion {unknown}
Scrolls
 e - 3 scrolls of identify {unknown}
 h - 3 scrolls of enchant armour {unknown}
 j - a scroll of blinking {unknown}
Potions
 d - a potion of might
 i - a potion of haste {unknown}
 k - a potion of ambrosia {unknown}
 n - a potion of degeneration {unknown}
Comestibles
 f - 2 bread rations
 m - a meat ration
 o - a chunk of flesh


   Skills:
 + Level 3.7 Fighting
 + Level 2.7 Maces & Flails
 + Level 3.7 Armour
 + Level 0.1 Dodging
 + Level 4.0 Shields


You had 3 spell levels left.
You didn't know any spells.

Dungeon Overview and Level Annotations

Branches:
Dungeon (2/15)

Altars:
Elyvilon

Annotations:
D:2 Natasha


Innate Abilities, Weirdness & Mutations

You are resistant to torment.
Your stone body is resilient. (AC +3)
You are immune to poison.
You resist negative energy. (rN+)
You are resistant to electric shocks. (rElec)
You can survive without breathing.
You are immune to petrification.
You are immune to rotting.


Message History

You start resting.
Eating one of 2 chunks of flesh.
You eat one of the 2 chunks of flesh.
This raw flesh tastes terrible.
Natasha, Servant of Life and Death comes into view.
Natasha hisses angrily.
Natasha casts a spell.
The white imp gestures at you. The puff of frost hits you!
Natasha stares at you and mumbles some strange words.
The magic dart hits you!
Your shield and scale mail prevent you from hitting Natasha.
You block Natasha's attack.
Natasha howls an incantation.
You feel troubled. You block Natasha's attack.
The white imp hits you but does no damage.
Natasha claws you but does no damage.
You closely miss Natasha. You block the white imp's attack. Natasha claws you.
The white imp gestures at you. The puff of frost hits you!
You die...

.. ... ..# ... #.# +# #.# #####
.... #.# #.# #.####....
.....##.###.###......###
........'.._..+.###### ... ..
.....##)# ### #.## ....##..
#....# ### #..# .#.....
####.#######..####### ......
#@5............... ..##...##
##h.#.###.....[... ..#.....#
##..#.####........
..#..[..########.(.#..# ###.#####
#.............##...##.# #.#####
....#..######......##.# ###......
...##.#########..#.##.###....####
......###........#.##....>#.##
..........####.........#.#..#


You could see Natasha and a white imp.

Vanquished Creatures
  Natasha (D:2)
  3 dart slugs (D:1)
  3 bats
  4 hobgoblins
  6 jackals
  4 kobolds
  A frilled lizard (D:1)
  A goblin (D:2)
  4 rats
27 creatures vanquished.

Notes
Turn   | Place    | Note
-------+----------+-------------------------------------------
     0 | D:1      | polly the Gargoyle Fighter began the quest for the Orb.
     0 | D:1      | Reached XP level 1. HP: 14/14 MP: 1/1
   203 | D:1      | Reached XP level 2. HP: 19/19 MP: 2/2
   581 | D:1      | Reached XP level 3. HP: 23/23 MP: 3/3
   952 | D:2      | Found a white marble altar of Elyvilon.
   960 | D:2      | Noticed Natasha
   989 | D:2      | Killed Natasha
   989 | D:2      | Reached skill level 4 in Shields
   989 | D:2      | Reached XP level 4. HP: 25/29 MP: 4/4
  1001 | D:2      | Noticed Natasha
  1005 | D:2      | Killed from afar by a white imp

Vault maps used:
D:1:      saegor_arrival_simple_c
D:2:      lemuel_doored_altar, first_bread, uniq_natasha

Skill      XL: |  1  2  3 |
---------------+----------+-----
Shields        | 4 |  4.0
Fighting       | |  3.7
Maces & Flails | |  2.7
Armour         | |  3.7
Dodging        | |  0.1

Action                   |  1- 3 |  4- 6 || total
-------------------------+-------+-------++-------
Melee: Flail             |   128 |     2 ||   130
  Eat: Chunk             |       |     1 ||     1
Armor: Scale mail        |    82 |     3 ||    85
Dodge: Dodged            |    43 |       ||    43
Block: Shield            |    58 |     3 ||    61
